 Dungeon Crawl Stone Soup version 0.28.0-53-g5a82cb258f (webtiles) character file.

Game seed: 5292968329062392597

2589 ChickenMitten the Protected (level 9, -6/65 (72) HPs)
             Began as a Formicid Fighter on Aug 6, 2022.
             Was an Initiate of Okawaru.
             Mangled by a fire elemental (9 damage)
             ... created by the fiery vengeance of Ignis
             ... on level 8 of the Dungeon.
             The game lasted 00:12:40 (8296 turns).

ChickenMitten the Protected (Formicid Fighter)      Turns: 8296, Time: 00:12:40

HP:   -6/65 (72)    AC: 12    Str: 32    XL:     9   Next: 89%
MP:   0/9           EV:  8    Int:  8    God:    Okawaru [......]
Gold: 360           SH:  0    Dex: 10    Spells: 8/8 levels left

rFire   . . .      SeeInvis +   A - +8 trident "Qeavvedd" {vorpal, rPois Str+7}
rCold   . . .      Faith    .   c - +0 buckler
rNeg    . . .      Spirit   +   m - +1 chain mail {rF+}
rPois   +          Reflect  .   (helmet unavailable)
rElec   .          Harm     .   (no cloak)
rCorr   .          Rampage  .   (no gloves)
Will    .....                   (no boots)
Stlth   ..........              u - amulet of guardian spirit
HPRegen 0.20/turn               (no ring)
MPRegen 0.11/turn               (no ring)

@: confused, drained, fire susceptible
A: permanent stasis, dig shafts and tunnels, antennae 3, four strong arms
a: Dig, Shaft Self, Renounce Religion


You were on level 8 of the Dungeon.
You worshipped Okawaru.
Okawaru was noncommittal.
You visited 2 branches of the dungeon, and saw 9 of its levels.
You also visited: Ossuary.

You collected 360 gold pieces.

Inventory:

Hand Weapons
 a - a +0 war axe
 v - the +5 mace of Kuruomumm {protect, rElec Str+5}
   (You found it on level 4 of the Dungeon)

   It grants its wielder temporary protection when it strikes (+7 to AC).
   Str:       It affects your strength (+5).
   rElec:     It insulates you from electricity.
 y - a +6 rapier of protection
 A - the +8 trident "Qeavvedd" (weapon) {vorpal, rPois Str+7}
   (You found it on level 6 of the Dungeon)

   It inflicts extra damage upon your enemies.
   Str:       It affects your strength (+7).
   rPois:     It protects you from poison.
 C - a +0 giant club
Armour
 b - a +0 scale mail
 c - a +0 buckler (worn)
 m - a +1 chain mail of fire resistance (worn)
 r - +0 steam dragon scales
Jewellery
 u - an amulet of guardian spirit (around neck)
 H - a ring of resist corrosion
Wands
 x - a wand of digging (4)
Scrolls
 e - 4 scrolls of vulnerability {unknown}
 f - 2 scrolls of magic mapping {unknown}
 g - 7 scrolls of identify {unknown}
 h - a scroll of enchant armour {unknown}
 i - 2 scrolls of fear {unknown}
 j - 2 scrolls of summoning {unknown}
 p - 4 scrolls of enchant weapon {unknown}
 q - 2 scrolls of teleportation {unknown}
 t - 5 scrolls of blinking {unknown}
 G - 4 scrolls of fog {unknown}
 I - a scroll of immolation {unknown}
 J - a scroll of noise {unknown}
Potions
 d - 2 potions of might
 k - 2 potions of heal wounds {unknown}
 l - 2 potions of mutation {unknown}
 n - 4 potions of curing {unknown}
 o - a potion of brilliance {unknown}
 s - 2 potions of invisibility {unknown}
 w - 2 potions of ambrosia {unknown}
 z - 4 potions of degeneration {unknown}
 B - a potion of attraction {unknown}
 D - a potion of lignification {unknown}
 E - a potion of haste {unknown}
 F - a potion of flight {unknown}


   Skills:
 * Level 7.0 Fighting
 - Level 7.2 Axes
 * Level 1.0(4.6) Polearms
 * Level 9.0 Armour
 * Level 6.7 Shields


You had 8 spell levels left.
You didn't know any spells.
Your spell library contained the following spells:

 Spells                   Type           Power      Damage    Failure   Level
 Manifold Assault         Tloc           0%         N/A       100%        5
 Storm Form               Tmut/Air       0%         N/A       100%        7
 Blink                    Tloc           Unusable   N/A       N/A         2

Dungeon Overview and Level Annotations

Branches:
Dungeon (8/15)             Temple (1/1) D:7         Ossuary (visited)
   Lair: D:8-11

Altars:
Dithmenos
Fedhas
Gozag
Hepliaklqana
Nemelex Xobeh
Okawaru
Qazlal
Ru
Sif Muna
Trog
Uskayaw
Vehumet
Yredelemnul
Zin
Ignis

Shops:
D:2 =


Innate Abilities, Weirdness & Mutations

You cannot be hasted, slowed, berserked, paralysed or teleported.
You can dig through walls and to a lower floor.
You have a pair of large antennae on your head. (SInv)
Your four strong arms can wield two-handed weapons with a shield.


Message History

The bullfrog closely misses you. The bullfrog hits you.
You puncture the bullfrog!
You kill the bullfrog!
Okawaru accepts your kill.
No target in view!
Found a hand axe.
A wight comes into view. It is wielding a +0 mace.
You hit the wight but do no damage. The wight barely misses you.
You puncture the wight!
The wight is almost destroyed.
The wight hits you with a +0 mace.
You barely miss the wight.
The wight is almost destroyed.
The wight hits you with a +0 mace.
You closely miss the wight.
The wight is almost destroyed.
The wight hits you but does no damage.
You puncture the wight!
You destroy the wight!
Okawaru accepts your kill. "Burn!
Burn until nothing is left!"
The divine experience confuses you!
You are confused.
Your base Polearms skill increases to level 1!
Your Armour skill increases to level 9! 3 fire elementals come into view.
You are too confused!
The fire elemental hits you. The fire elemental burns you!
The fire elemental hits you. The fire elemental burns you!
You closely miss the fire elemental. The fire elemental hits you.
The fire elemental burns you! The fire elemental hits you.
The fire elemental burns you! The fire elemental hits you.
The fire elemental burns you! The fire elemental hits you.
The fire elemental burns you!
* * * LOW HITPOINT WARNING * * *
The fire elemental hits you. The fire elemental burns you!
* * * LOW HITPOINT WARNING * * *
The fire elemental closely misses you. The fire elemental hits you.
* * * LOW HITPOINT WARNING * * *
The fire elemental burns you!
You die...

.....{.....<..#
#######.....#.######
#.....).......
###..##.######
#..#.#.###
#...###..{
#....#.### ##..##.#
# #....@E## .#
#.#.#EE○##..##
#†....☼☼.)...#
#......○☼....#
#...≈≈≈≈≈§≈..#
#...≈≈≈≈≈≈≈$....
#...≈≈.....).###
#...≈≈.........
#...≈≈..####....


You could see 3 fire elementals.

Vanquished Creatures
  A wraith (Ossuary)
  Eustachio (D:6)
  A steam dragon (D:3)
  Menkaure (D:6)
  2 water moccasins (D:7)
  2 ice beasts
  A hornet zombie (D:5)
  An ogre (D:6)
  An orc warrior (D:7)
  A centaur (D:3)
  A bullfrog (D:8)
  2 scorpions
  7 wights
  A howler monkey (D:5)
  A centaur zombie (D:5)
  A jelly (D:7)
  3 hounds
  3 orc priests (D:7)
  A centaur skeleton (D:4)
  3 bullfrog skeletons
  Terence (D:2)
  3 iguanas (D:6)
  4 orc wizards
  A hound zombie (D:5)
  3 mummies (Ossuary)
  Robin (D:2)
  A howler monkey zombie (D:4)
  5 adders
  3 white imps
  6 worms
  2 dart slugs
  7 orcs
  3 endoplasms
  6 giant cockroaches
  14 goblins
  11 hobgoblins
  4 jackals (D:3)
  7 kobolds
  4 quokkas
  6 ball pythons
  3 bats
  4 frilled lizards
  2 gnoll zombies
  2 goblin zombies (Ossuary)
  4 hobgoblin zombies (Ossuary)
  A kobold zombie (Ossuary)
  5 rats
148 creatures vanquished.

Vanquished Creatures (others)
  50 foxfires
  9 plants (D:1)
59 creatures vanquished.

Grand Total: 207 creatures vanquished

Notes
Turn   | Place    | Note
-------+----------+-------------------------------------------
     0 | D:1      | ChickenMitten the Formicid Fighter began the quest for the
                  | Orb.
     0 | D:1      | Reached XP level 1. HP: 18/18 MP: 1/1
   298 | D:1      | Found a faded altar of an unknown god.
   308 | D:1      | Prayed at the altar of an unknown god.
   308 | D:1      | Became a worshipper of Ignis, the Dying Flame
   492 | D:1      | Reached XP level 2. HP: 23/24 MP: 2/2
  1177 | D:2      | Found Daplid's Jewellery Shop.
  1272 | D:2      | Noticed Terence
  1286 | D:2      | Killed Terence
  1287 | D:2      | Reached XP level 3. HP: 18/30 MP: 3/3
  1441 | D:2      | Reached XP level 4. HP: 37/37 MP: 4/4
  1516 | D:2      | Reached skill level 4 in Armour
  1553 | D:2      | Noticed Robin
  1564 | D:2      | Killed Robin
  2002 | D:3      | Reached XP level 5. HP: 31/42 MP: 5/5
  2087 | D:3      | You fall into a shaft and drop 2 floors!
  2087 | D:5      | Entered Level 5 of the Dungeon
  2190 | D:3      | Noticed a centaur
  2193 | D:3      | Killed a centaur
  2194 | D:3      | Reached XP level 6. HP: 41/48 MP: 6/6
  2507 | D:3      | Noticed a steam dragon
  3054 | D:3      | Killed a steam dragon
  3055 | D:3      | Reached XP level 7. HP: 25/55 MP: 7/7
  3336 | D:3      | Reached skill level 5 in Axes
  3336 | D:3      | Reached skill level 5 in Armour
  3620 | D:4      | Identified the +5 mace of Kuruomumm {protect, rElec Str+5}
  4408 | D:5      | Reached XP level 8. HP: 48/61 MP: 6/8
  4596 | D:5      | Reached skill level 5 in Shields
  4665 | D:5      | Reached skill level 5 in Fighting
  4945 | D:6      | Reached skill level 6 in Armour
  4969 | D:6      | Noticed Eustachio
  4982 | D:6      | Noticed Menkaure
  4985 | D:6      | Killed Eustachio
  4991 | D:6      | Killed Menkaure
  5293 | D:6      | Identified the +8 trident "Qeavvedd" {vorpal, rPois Str+7}
  5544 | D:6      | Reached skill level 7 in Armour
  5664 | D:6      | Reached XP level 9. HP: 57/69 MP: 5/9
  6454 | D:7      | Found a sand-covered staircase.
  6461 | Ossuary  | Entered an ossuary
  6737 | Ossuary  | Reached skill level 8 in Armour
  7569 | D:7      | Found a staircase to the Ecumenical Temple.
  7584 | Temple   | Entered the Ecumenical Temple
  7839 | Temple   | Fell from the grace of Ignis
  7839 | Temple   | Became a worshipper of Warmaster Okawaru
  8292 | D:8      | Reached skill level 1 in Polearms
  8292 | D:8      | Reached skill level 9 in Armour
  8296 | D:8      | HP: 3/65 [fire elemental[the fiery vengeance of Ignis] (1)]
  8296 | D:8      | Mangled by a fire elemental

Illustrated notes

Levels and vault maps discovered:
D:1:      saegor_arrival_simple_c, layout_loops_corners, serial_bayou,
          serial_bayou_lake_a, serial_bayou_pond_c, serial_bayou_pond_d,
          serial_bayou_pond_c, shapermc_ecumenical_altar_notcrosses
D:2:      layout_rooms, serial_shops, nicolae_shop_advertising_works
          [nicolae_subvault_shop_adworks], uniq_terence, uniq_robin
D:3:      layout_rooms, minmay_misc_feat_iff, hangedman_decor_clover_reticule
D:4:      layout_loops_ring, grunt_ministairs_15, minmay_goblin_kobold_house
D:5:      minmay_evil_eye, layout_cave_pools
D:6:      layout_basic, grunt_ministairs_5, uniq_menkaure, uniq_eustachio
D:7:      layout_loops_ring, temple_doors_cd, enter_ossuary_3
D:8:      layout_loops_ring, chequers_temple_overflow_minitemple,
          mainiacjoe_overflow_chevrons,
          ploomutoo_gammafunk_ghost_potion_laboratory
Temple:   dpeg_chambers_temple

Skill      XL: |  1  2  3  4  5  6  7  8  9 |
---------------+----------------------------+-----
Shields        | 4 5 6 |  6.7
Armour         | 4 5 7 9 |  9.0
Axes           | 3 4 5 6 7 |  7.2
Fighting       | 4 5 7 |  7.0
Polearms       | 1 |  1.0

Action                   |  1- 3 |  4- 6 |  7- 9 || total
-------------------------+-------+-------+-------++-------
Melee: War axe           |    71 |   140 |    38 ||   249
       Mace              |       |       |    82 ||    82
       Trident           |       |       |   129 ||   129
Invok: Foxfire Swarm     |     1 |     3 |       ||     4
       Fiery Armour      |       |       |     1 ||     1
 Abil: Dig               |       |       |     1 ||     1
Armor: Scale mail        |    32 |       |       ||    32
       Chain mail        |     4 |    88 |   119 ||   211
Dodge: Dodged            |    29 |    75 |    85 ||   189
Block: Buckler           |    17 |    37 |    54 ||   108
